 Dungeon Crawl Stone Soup version 0.31-a0-977-gc230f8ef24 (webtiles) character file.

Game seed: 2539192547024183857

223 demibob the Charlatan (level 5, 0/31 HPs)
             Began as a Deep Elf Chaos Knight on Oct 29, 2023.
             Was a Plaything of Xom.
             Succumbed to a killer bee's poison
             ... on level 4 of the Dungeon.
             The game lasted 00:04:04 (2938 turns).

demibob the Charlatan (Deep Elf Chaos Knight)       Turns: 2938, Time: 00:04:04

Health: 0/31       AC:  8    Str:  9    XL:     5   Next: 66%
Magic:  7/7        EV: 12    Int: 19    God:    Xom [.*....]
Gold:   227        SH:  0    Dex: 14    Spells: 4/4 levels left

rFire   . . .        a - +0 spear (spect)
rCold   . . .        (no shield)
rNeg    . . .        b - +2 leather armour
rPois   .            (no helmet)
rElec   .            f - +0 cloak
rCorr   .            (no gloves)
SInv    +            (no boots)
Will    ++...        (no amulet)
Stlth   +            v - ring of see invisible
HPRegen 0.25/turn    (no ring)
MPRegen 0.10/turn

%: no passive effects
@: lethally poisoned (0 -> -8), enlightened
A: iridescent scales 1, strong-willed 1, wild magic 2
a: Renounce Religion


You were on level 4 of the Dungeon.
You worshipped Xom.
You were a plaything of Xom.
You visited 1 branch of the dungeon, and saw 4 of its levels.

You collected 227 gold pieces.


Innate Abilities, Weirdness & Mutations

You are partially covered in iridescent scales. (AC +2)
You are strong-willed. (Will+)
Your spells are harder to cast, but more powerful.


   Skills:
 - Level 2.4 Fighting
 + Level 3.7 Polearms
 - Level 0.7 Armour
 - Level 2.4 Dodging
 + Level 4.2 Evocations


You had 4 spell levels left.
You didn't know any spells.
Your spell library was empty.

Inventory:

Hand Weapons
 a - a +0 spectral spear (weapon)
Armour
 b - a +2 leather armour (worn)
 f - a +0 cloak (worn)
Jewellery
 v - a ring of see invisible (left hand)
Wands
 e - a wand of flame (5)
Scrolls
 d - a scroll of teleportation {@r2}
 l - 2 scrolls of revelation
 m - a scroll of immolation
Potions
 h - a potion of enlightenment
 j - a potion of mutation
 k - 2 potions of brilliance

Dungeon Overview and Level Annotations

Branches:
Dungeon (4/15)
 Temple: D:4-7

Altars:
Cheibriados
Elyvilon
Okawaru

▒ #.# ▒ ### ..####
.$...#..#.. .>...#....# ▒▒▒▒
......#.b#▒▒ ▒▒...▒ ▒
##..).##.b.▒▒▒▒▒.....▒▒▒▒▒
###.....bb{b...b#....##.#.#.
#...##...by@.b..............
#......bbbbPbPPPPPbP........
#......b.bPbbbb...P..###...
#.#####..bPbPb..P.P..# ##..
#..bP.P.⚑.P.P..# ###
##.bP.P...P.P..#
#..P.......P..#
#..P.PPPPP.P.##
#............#


You could see a killer bee (ally target) and a friendly +0 spectral spear.


Message History

Your +0 spectral spear hits the iguana but does no damage.
You hit the iguana but do no damage.
Your +0 spectral spear hits the iguana but does no damage.
The iguana completely misses you.
You hit the iguana but do no damage.
Your +0 spectral spear hits the iguana but does no damage.
The iguana closely misses you.
You barely miss the iguana.
Your +0 spectral spear completely misses the iguana.
Your butterfly disappears in a burst of colours!
You hit the iguana but do no damage.
Your +0 spectral spear hits the iguana but does no damage.
You hear Xom's avuncular chuckle.
The iguana evaporates and reforms as a killer bee!
You are now a plaything of Xom.
Your butterfly disappears in a burst of colours! x2
The killer bee misses you.
You closely miss the killer bee.
Your +0 spectral spear misses the killer bee.
Your butterfly disappears in a burst of colours!
The killer bee stings you.
* * * LOW HITPOINT WARNING * * *
You are poisoned.
The killer bee poisons you! The killer bee stings you!
* * * LOW HITPOINT WARNING * * *
You hit the killer bee.
The killer bee is lightly wounded.
Your +0 spectral spear hits the killer bee but does no damage.
You die...
Xom is highly amused!

Skill      XL: |  1  2  3  4  5 |
---------------+----------------+-----
Evocations     | 1 2 3 4 |  4.2
Polearms       | 3 |  3.7
Fighting       | |  2.4
Armour         | |  0.7
Dodging        | |  2.4

Action                     |  1- 3 |  4- 6 || total
---------------------------+-------+-------++-------
  Melee: Spear             |   136 |    56 ||   192
  Evoke: Wand              |       |     3 ||     3
    Use: Scroll            |     9 |     4 ||    13
         Potion            |       |     3 ||     3
   Stab: Paralysed         |     2 |       ||     2
         Distracted        |     1 |     1 ||     2
 Armour: Leather armour    |    57 |    16 ||    73
  Dodge: Dodged            |    53 |    16 ||    69

Levels and vault maps discovered:
D:1:      onia_arrival_zoo_common, layout_basic
D:2:      layout_loops_ring, shapermc_ecumenical_altar_notcrosses
D:3:      minmay_door_path, layout_loops_ring,
          mainiacjoe_overflow_six_doors_small, kennysheep_slug_shrine, uniq_ijyb
D:4:      minmay_octagon_keep, layout_cave_pools,
          gammafunk_temple_overflow_wave, grunt_dithmenos_smoke,
          mainiacjoe_overflow_cross_hatched, lemuel_coloured_pillars_altar,
          lemuel_round_altar, eat_drink_and_be_merry_uskayaw, uniq_edmund

Notes
Turn   | Place    | Note
-------+----------+-------------------------------------------
     0 | D:1      | demibob the Deep Elf Chaos Knight began the quest for the
                  | Orb.
     0 | D:1      | Reached XP level 1. HP: 13/13 MP: 3/3
     7 | D:1      | Noticed a komodo dragon
     7 | D:1      | Noticed a swamp worm
     8 | D:1      | Noticed an anaconda
     8 | D:1      | Noticed a polar bear
   179 | D:1      | Reached skill level 1 in Evocations
   296 | D:1      | XOM: butterfly on damage
   303 | D:1      | Reached XP level 2. HP: 6/18 MP: 4/4
  1274 | D:2      | XOM: god gift: 4 stones
  1477 | D:2      | XOM: smoke on damage
  1480 | D:2      | Reached skill level 2 in Evocations
  1480 | D:2      | Reached XP level 3. HP: 15/22 MP: 5/5
  1536 | D:2      | Found a faded altar of an unknown god.
  1725 | D:2      | XOM is BORED!
  1725 | D:2      | XOM: torment (12/22 hp)
  2063 | D:3      | Noticed Ijyb
  2064 | D:3      | XOM: smoke on damage
  2086 | D:3      | Killed Ijyb
  2087 | D:3      | Reached skill level 3 in Polearms
  2090 | D:3      | Reached XP level 4. HP: 21/27 MP: 6/6
  2102 | D:3      | XOM: give mutations
  2102 | D:3      | Gained mutation: You are partially covered in iridescent
                  | scales. (AC +2) [Xom's grace]
  2102 | D:3      | Gained mutation: You are strong-willed. (Will+) [Xom's
                  | grace]
  2102 | D:3      | Gained mutation: Your spells are a little harder to cast,
                  | but a little more powerful. [Xom's grace]
  2102 | D:3      | Gained mutation: Your spells are harder to cast, but more
                  | powerful. [Xom's grace]
  2173 | D:3      | Found a snail-covered altar of Cheibriados.
  2193 | D:3      | XOM: god gift: 7 stones
  2219 | D:3      | Noticed an ogre
  2227 | D:3      | Killed an ogre
  2228 | D:3      | Reached skill level 3 in Evocations
  2228 | D:3      | Reached XP level 5. HP: 6/31 MP: 7/7
  2306 | D:3      | XOM: god gift: 53 gold pieces
  2643 | D:3      | Found a white marble altar of Elyvilon.
  2789 | D:4      | XOM: summons 4 friendly demons
  2797 | D:4      | Reached skill level 4 in Evocations
  2864 | D:4      | Found an iron altar of Okawaru.
  2908 | D:4      | HP: 3/31 [iguana (9)]
  2908 | D:4      | XOM: butterfly on damage
  2936 | D:4      | XOM: polymorph iguana -> killer bee
  2937 | D:4      | HP: 2/31 [killer bee (8)]
  2938 | D:4      | Succumbed to a killer bee's poison

Vanquished Creatures
  An ogre (D:3)
  Ijyb (D:3)
  2 worms
  A dart slug (D:3)
  2 orcs (D:3)
  5 endoplasms
  2 giant cockroaches
  4 goblins
  7 hobgoblins
  3 quokkas
  9 ball pythons
  A bat (D:2)
  3 frilled lizards
  A kobold (D:1)
  7 rats
49 creatures vanquished.

Vanquished Creatures (collateral kills)
  A scorpion (D:4)
1 creature vanquished.

Grand Total: 50 creatures vanquished

Table legend: (Time is in decaauts)
 A = Elapsed time spent in this place.
 B = Non-inter-level travel time spent in this place.
 C = Inter-level travel time spent in this place.
 D = Time resting spent in this place.
 E = Time spent auto-exploring this place.
 F = Levels seen in this place.
 G = Mean time per level.
                   A        B        C        D        E       F      G
               +--------+--------+--------+--------+--------+-----+--------+
         Total |   2932 |   2849 |     83 |    108 |   2327 |   4 |  733.0 |
       Dungeon |   2932 |   2849 |     83 |    108 |   2327 |   4 |  733.0 |
               +--------+--------+--------+--------+--------+-----+--------+

Top non-repeatable levels by time:
     D:1: 1154 daAuts
     D:3: 914 daAuts
     D:2: 703 daAuts
     D:4: 160 daAuts

Table legend:
 A = Non-vault XP
 B = Vault XP
 C = Vault XP percentage of total XP
 D = Non-vault monster count
 E = Vault monster count
 F = Vault count percentage of total count
                 A         B        C        D         E       F
            +---------+---------+-------+---------+---------+-------
      Total |     277 |      42 |  13.2 |      47 |       3 |   6.0
            +---------+---------+-------+---------+---------+-------
        D:1 |      27 |       0 |   0.0 |      16 |       0 |   0.0
        D:2 |      22 |       0 |   0.0 |      13 |       0 |   0.0
        D:3 |     135 |      42 |  23.7 |      12 |       3 |  20.0
        D:4 |      93 |       0 |   0.0 |       6 |       0 |   0.0
            +---------+---------+-------+---------+---------+-------
